 Dungeon Crawl Stone Soup version 0.18-a0-1628-g61c6396 (webtiles) character file.

81 dohliylev the Covert (level 4, -2/33 HPs)
             Began as a Vampire Assassin on Mar 25, 2016.
             Killed from afar by an orc wizard (5 damage)
             ... with a puff of flame
             ... on level 3 of the Dungeon.
             The game lasted 05:44:24 (1737 turns).

dohliylev the Covert (Vampire Assassin)             Turns: 1737, Time: 05:44:25

Health: -2/33      AC:  4    Str: 10    XL:     4   Next: 19%
Magic:  4/4        EV: 13    Int: 13    God:
Gold:   87         SH:  0    Dex: 16    Spells: 0 memorised, 3 levels left

rFire  . . .     SeeInvis +     a - +2 dagger
rCold  . . .     Gourm    .     c - +0 robe
rNeg   + . .     Faith    .     (no shield)
rPois  .         Spirit   .     (no helmet)
rElec  .         Dismiss  .     d - +0 cloak
rCorr  .         Reflect  .     (no gloves)
SustAt .         Harm     .     n - +0 pair of boots (curse)
MR     .....                    (no amulet)
Stlth  ++++......               (no ring)
                                (no ring)

@: not resistant to hostile enchantments, stealthy
A: fangs 3, see invisible, unbreathing
a: Bat Form


You were on level 3 of the Dungeon.
You were not thirsty.

You visited 1 branch of the dungeon, and saw 3 of its levels.

You collected 87 gold pieces.

Inventory:

Hand Weapons
 a - a +2 dagger (weapon)
 b - a +0 blowgun
Missiles
 e - 36 poisoned needles
 f - 2 curare-tipped needles
Armour
 c - a +0 robe (worn)
 d - a +0 cloak (worn)
 n - a cursed +0 pair of boots (worn)
 r - a +0 buckler
Scrolls
 h - 2 scrolls of enchant weapon {unknown}
 k - 2 scrolls of remove curse {unknown}
 l - 4 scrolls of identify {unknown}
 t - a scroll of magic mapping {unknown}
Potions
 g - 18 potions of blood
 i - a potion of magic {unknown}
 j - a potion of lignification {unknown}
 m - a potion of invisibility {unknown}
 o - 2 potions of curing {unknown}
 p - a potion of beneficial mutation {unknown}
 q - 3 potions of agility {unknown}
 s - a potion of haste {unknown}


   Skills:
 + Level 2.0 Fighting
 + Level 2.3 Short Blades
 + Level 1.5 Throwing
 + Level 2.1 Dodging
 * Level 8.0 Stealth


You had 3 spell levels left.
You didn't know any spells.

Dungeon Overview and Level Annotations

Branches:
Dungeon (3/15)

Altars:


Innate Abilities, Weirdness & Mutations

You have razor-sharp teeth.
You have supernaturally acute eyesight.
You can survive without breathing.


Message History

You barely miss the orc wizard. Your bite misses the orc wizard.
The orc wizard is almost dead.
The orc wizard points at you and mumbles some strange words.
The magic dart hits you!
* * * LOW HITPOINT WARNING * * *
The orc wizard barely misses you.
You hit the orc wizard but do no damage.
The orc wizard is almost dead.
The orc wizard hits you with a dagger.
* * * LOW HITPOINT WARNING * * *
The orc wizard closely misses you. The orc wizard misses you.
You hit the orc wizard but do no damage.
You bite the orc wizard.
You kill the orc wizard!
Your Dodging skill increases to level 2!
Your Stealth skill increases to level 8!
You have reached level 4!
The orc wizard casts a spell at you. The puff of flame hits you!
You die...

# #####o# #.@.oo#
#.###.# #.# # #.#
#.# #.# #.# #.#
###############.#


You could see an orc priest and 2 orc wizards.

Vanquished Creatures
  An orc wizard (D:3)
  An adder (D:2)
  2 dart slugs (D:2)
  A ball python (D:2)
  5 bats
  3 giant cockroaches
  4 goblins
  7 hobgoblins
  A kobold (D:2)
  A quokka (D:2)
  3 giant newts
  9 rats
38 creatures vanquished.

Notes
Turn   | Place    | Note
--------------------------------------------------------------
     0 | D:1      | dohliylev the Vampire Assassin began the quest for the Orb.
     0 | D:1      | Reached XP level 1. HP: 16/16 MP: 1/1
    38 | D:1      | Reached skill level 6 in Stealth
   267 | D:1      | Reached XP level 2. HP: 20/22 MP: 2/2
   870 | D:2      | Reached skill level 7 in Stealth
   965 | D:2      | Reached XP level 3. HP: 8/27 MP: 3/3
  1736 | D:3      | Reached skill level 8 in Stealth
  1736 | D:3      | Reached XP level 4. HP: 3/33 MP: 4/4
  1737 | D:3      | Killed from afar by an orc wizard

Vault maps used:
D:1:      lordsloth_arrival_two_stooges, serial_bayou_lake_a
D:2:      first_bread

Skill      XL: |  1  2  3 |
---------------+----------+-----
Stealth        | 6 7 8 |  8.0
Fighting       | 2 |  2.0
Dodging        | 2 |  2.1
Short Blades   | |  2.3
Throwing       | |  1.5

Action                   |  1- 3 |  4- 6 || total
-------------------------+-------+-------++-------
Melee: Dagger            |   122 |       ||   122
  Use: Potion            |     5 |       ||     5
 Stab: Sleeping          |    12 |       ||    12
